 Dungeon Crawl Stone Soup version 0.29-a0-334-gb41bcbb86e (webtiles) character file.

Game seed: 11092850611041751646

11 spaghetti the Sneak (level 2, 4/27 HPs)
             Began as a Deep Dwarf Delver on Apr 13, 2022.
             Quit the game on level 6 of the Dungeon.
             The game lasted 00:00:41 (149 turns).

spaghetti the Sneak (Deep Dwarf Delver)              Turns: 149, Time: 00:00:42

Health: 4/27       AC:  3    Str: 13 (15) XL:     2   Next: 17%
Magic:  2/2        EV: 11    Int:  8 (10) God:
Gold:   11         SH:  0    Dex: 12 (14) Spells: 1/1 levels left

rFire   . . .      SeeInvis .   a - +0 falchion {long}
rCold   . . .      Faith    .   (no shield)
rNeg    . . .      Spirit   .   b - +0 leather armour
rPois   .          Reflect  .   (no helmet)
rElec   .          Harm     .   (no cloak)
rCorr   .          Rampage  .   (no gloves)
Will    .....                   (no boots)
Stlth   +.........              (no amulet)
HPRegen 0.00/turn               (no ring)
MPRegen 0.08/turn               (no ring)

@: confused
A: damage resistance, heal wounds, sense surroundings 1, no regeneration,
screaming 1
a: Heal Wounds


You were on level 6 of the Dungeon.
You visited 1 branch of the dungeon, and saw 4 of its levels.

You collected 11 gold pieces.


Innate Abilities, Weirdness & Mutations

You are resistant to damage.
You can heal yourself by infusing magical energy.
You passively map a small area around you.
You do not regenerate.
You occasionally shout uncontrollably at your foes.


   Skills:
 - Level 2.6 Fighting
 - Level 2.0 Long Blades
 - Level 2.1 Dodging
 + Level 6.7 Stealth


You had one spell level left.
You didn't know any spells.
Your spell library contained the following spells:

 Spells                   Type           Power      Damage    Failure   Level
 Corpse Rot               Necr/Air       0%         N/A       63%         2
 Dispel Undead            Necr           0%         3d6       99%         4
 Death Channel            Necr           0%         N/A       100%        6

Inventory:

Hand Weapons
 a - a +0 falchion (weapon) {long}
Armour
 b - a +0 leather armour (worn)
Magical Staves
 k - a staff of poison {!astaff}
   (You found it on level 5 of the Dungeon)
Wands
 g - a wand of digging (3)
Scrolls
 c - 2 scrolls of fog
 d - a scroll of magic mapping {!r}
 e - a scroll of fear
 h - a scroll of blinking {unknown}
Potions
 f - a potion of haste {@q3}

Dungeon Overview and Level Annotations

Branches:
Dungeon (6/15)
 Temple: D:4-7

Altars:

Annotations:
D:6 Ijyb

(..* ,,
, ,.. *
* ..## *
* ..## *
* * ...#
* * #..#
##..#
###oo# *
*#..g@#
#....###
....## ,
, ...
.., ,. ,
, * , *


You could see Ijyb and 2 orcs.


Message History

There is a stone staircase leading up here.
You climb upwards.
Found a robe.
Found a stone staircase leading up.
There is a stone staircase leading down here.
Unknown command.
Unknown command.
The helpless dart slug fails to defend itself.
You slash the dart slug!
You kill the dart slug!
You climb downwards.
You hear the hiss of flowing sand.
There is an entrance to an ossuary on this level.
Hurry and find it before the portal is buried!
There is a stone staircase leading up here.
Unknown command.
Unknown command.
An orc comes into view. It is wielding a +0 dagger.
The orc moves out of view.
An orc wizard comes into view. It is wielding a +0 dagger.
The orc wizard moves out of view.
An orc comes into view. It is wielding a +0 short sword.
There is a stone staircase leading down here.
An orc comes into view. It is wielding a +0 dagger.
There is a stone staircase leading down here.
The orc shouts!
You hear an angry growl.
You hear a bark!
You climb downwards.
There is a stone staircase leading up here.
Unknown command.
Unknown command.
Found a stone staircase leading down.
c - 2 scrolls of fog (gained 1) Ijyb the Twisted Goblin comes into view.
She is wielding a +0 dagger and carrying a wand of charming (5). 2 orcs come into view.
An orc priest comes into view. It is wielding a +0 short sword.
The orc priest shouts!
You hear a shout!
The orc shouts!
The orc priest looks encouraged for a moment.
An orc comes into view. It is wielding a +0 club. x2
Ijyb shouts!
The orc shouts!
You see here a staff of poison {!astaff}.
The orc shouts!
You see here a staff of poison {!astaff}.
k - a staff of poison {!astaff} An orc comes into view.
It is wielding a +0 dagger.
The orc barely misses you.
Ijyb screams, "Me very upset!"
Ijyb zaps a wand.
Your will is overpowered!
You are confused.
There is a stone staircase leading down here.
Unknown command.
Unknown command.
Unknown command.
The orc priest calls down the wrath of Beogh upon you.
Beogh smites you!
* * * LOW HITPOINT WARNING * * *
The orc closely misses you. The orc barely misses you.
Ijyb zaps a wand.
Your will is overpowered!
You are more confused.
In your confused state, you trip and fall down the stairs.
You climb downwards.
There is a stone staircase leading up here.
Unknown command. 😨 HP[-11]
You take 11 damage, and now have 13/27 hp.
MASSIVE DAMAGE!! (PAUSE) It was a potion of degeneration.
There was something very wrong with that liquid.
You feel weakened.
You feel dopey.
You feel clumsy. The orc hits you with a +0 whip.
* * * LOW HITPOINT WARNING * * *
Ijyb hits you with a +0 dagger. The orc closely misses you. 😨 HP[-1]
You take 1 damage, and now have 12/27 hp.
Unknown command.
It was a potion of mutation.
You feel extremely strange.
You feel the urge to shout. The orc closely misses you.
Ijyb hits you with a +0 dagger.
* * * LOW HITPOINT WARNING * * *
The orc barely misses you. 😨 HP[-3]
You take 3 damage, and now have 9/27 hp.
You are too confused!
Okay, then.
Okay, then.
The orc barely misses you.
Ijyb zaps a wand.
Your will is overpowered!
You are more confused.
Unknown command.
Unknown command.
Unknown command.
You hit Ijyb. The orc hits you with a +0 whip.
* * * LOW HITPOINT WARNING * * *
Ijyb zaps a wand.
Your will is overpowered!
You are more confused.
The orc hits you but does no damage. 😱 HP[-5]
You take 5 damage, and now have 4/27 hp.
Are you sure you want to abandon this character and quit the game? (Confirm with "yes".)

Action                   || total
-------------------------++-------
Melee: Falchion          ||     6
  Use: Potion            ||     2
 Stab: Sleeping          ||     1
Armor: Leather armour    ||     2
Dodge: Dodged            ||     8

Levels and vault maps discovered:
D:3:      layout_rooms, kennysheep_okawaru_gauntlet, st_stairs_14
D:4:      layout_basic, mainiacjoe_overflow_paths, grunt_temple_overflow_open,
          minmay_temple_entry_slanted, nicolae_ossuary_entry_catacombs,
          uniq_sigmund
D:5:      layout_rooms, grunt_temple_overflow_holy_war, marbit_many_paths,
          uniq_ijyb
D:6:      layout_layer_cave, ebering_ghost_sewer_d, uniq_blork_the_orc,
          uniq_prince_ribbit1

Notes
Turn   | Place    | Note
-------+----------+-------------------------------------------
     0 | D:5      | spaghetti the Deep Dwarf Delver began the quest for the
                  | Orb.
     0 | D:5      | Reached XP level 1. HP: 20/20 MP: 1/1
     0 | D:5      | magus.rc [v1.9.6]
    33 | D:5      | Reached XP level 2. HP: 24/27 MP: 2/2
    62 | D:5      | You pick up a book of Decay and begin reading...
    62 | D:5      | You add the spells Corpse Rot, Dispel Undead and Death
                  | Channel to your library.
   134 | D:5      | Noticed Ijyb
   146 | D:6      | Gained mutation: You occasionally shout uncontrollably at
                  | your foes. [potion of mutation]
   148 | D:6      | HP: 4/27 [orc/+0 whip (5)]
   149 | D:6      | Quit the game

Vanquished Creatures
  An adder (D:5)
  A dart slug (D:3)
2 creatures vanquished.

Table legend:
 A = Non-vault XP
 B = Vault XP
 C = Vault XP percentage of total XP
 D = Non-vault monster count
 E = Vault monster count
 F = Vault count percentage of total count
                 A         B        C        D         E       F
            +---------+---------+-------+---------+---------+-------
      Total |      17 |       0 |   0.0 |       2 |       0 |   0.0
            +---------+---------+-------+---------+---------+-------
        D:3 |       4 |       0 |   0.0 |       1 |       0 |   0.0
        D:5 |      13 |       0 |   0.0 |       1 |       0 |   0.0
            +---------+---------+-------+---------+---------+-------

Illustrated notes

Table legend:
 A = Kills in this place as a percentage of kills in entire the game.
 B = Kills by you in this place as a percentage of kills by you in the entire game.
 C = Kills by friends in this place as a percentage of kills by friends in the entire game.
 D = Other kills in this place as a percentage of other kills in the entire game.
 E = Experience gained in this place as a percentage of experience gained in the entire game.
 F = Experience gained in this place divided by the number of levels of this place that you have seen.
                   A       B       C       D       E      F
               +-------+-------+-------+-------+-------+----------------------
         Total | 100.0 | 100.0 |   N/A |   N/A | 100.0 |   4.2
       Dungeon | 100.0 | 100.0 |   N/A |   N/A | 100.0 |   4.2
               +-------+-------+-------+-------+-------+----------------------

Table legend: (Time is in decaauts)
 A = Elapsed time spent in this place.
 B = Non-inter-level travel time spent in this place.
 C = Inter-level travel time spent in this place.
 D = Time resting spent in this place.
 E = Time spent auto-exploring this place.
 F = Levels seen in this place.
 G = Mean time per level.
                   A        B        C        D        E       F      G
               +--------+--------+--------+--------+--------+-----+--------+
         Total |    150 |    136 |     14 |      0 |     92 |   4 |   37.5 |
       Dungeon |    150 |    136 |     14 |      0 |     92 |   4 |   37.5 |
               +--------+--------+--------+--------+--------+-----+--------+

Top non-repeatable levels by time:
     D:5: 124 daAuts
     D:4: 18 daAuts
     D:6: 5 daAuts
     D:3: 2 daAuts
